 Dungeon Sprint DCSS version 0.21.1-1-g345015f (webtiles) character file.

1469 wojtek the Cleaver (level 8, -1/80 (81) HPs)
             Began as a Minotaur Berserker on Feb 11, 2018.
             Was a High Priest of Trog.
             Slain by a two-headed ogre
             ... wielding a +0 giant spiked club
              (16 damage)
             ... in the Dungeon (Sprint III: "The Ten Rune Challenge").
             The game lasted 00:02:14 (925 turns).

wojtek the Cleaver (Minotaur Berserker)              Turns: 925, Time: 00:02:15

HP:   -1/80 (81)    AC:  2    Str: 24    XL:     8   Next: 49%
MP:   7/7           EV: 16    Int:  4    God:    Trog [*****.]
Gold: 33            SH:  0    Dex: 10    Spells: 7/7 levels left

rFire    . . .     SeeInvis .   t - +2 battleaxe (elec)
rCold    . . .     Gourm    .   (shield currently unavailable)
rNeg     . . .     Faith    .   b - +0 animal skin
rPois    .         Spirit   .   (helmet restricted)
rElec    .         Reflect  .   (no cloak)
rCorr    .         Harm     .   (no gloves)
MR       .....     NoTele   +   (no boots)
Stlth    +.........             (no amulet)
HPRegen  0.23/turn              (no ring)
MPRegen  0.10/turn              (no ring)

@: no status effects
A: retaliatory headbutt, horns 2
a: Berserk, Trog's Hand, Brothers in Arms, Burn Spellbooks, Renounce Religion


You were in the Dungeon.
You worshipped Trog.
Trog was extremely pleased with you.
You were not hungry.

You visited 1 branch You collected 33 gold pieces.

Inventory:

Hand Weapons
 a - a +0 hand axe
 t - a +2 battleaxe of electrocution (weapon)
Armour
 b - a +0 animal skin (worn)
Wands
 j - a wand of disintegration (14)
Scrolls
 i - a scroll of blinking
 k - a scroll of magic mapping {unknown}
 l - a scroll of torment {unknown}
 m - 2 scrolls of identify
 n - 3 scrolls of remove curse
 p - a scroll of holy word {unknown}
 q - a scroll of enchant weapon {unknown}
Potions
 d - a potion of curing
 e - a potion of heal wounds
 f - a potion of haste
 g - 2 potions of magic
 h - a potion of berserk rage
 o - 3 potions of flight
 r - a potion of lignification {unknown}
 s - 4 potions of mutation
Miscellaneous
 u - a crystal ball of energy
Comestibles
 c - 3 rations


   Skills:
 + Level 10.7 Fighting
 * Level 14.2 Axes
 + Level 10.4 Armour
 + Level 9.6 Dodging


You had 7 spell levels left.
You didn't know any spells.

Dungeon Overview and Level Annotations

Branches:
Dungeon (1/1)

Altars:
Cheibriados
Dithmenos
Elyvilon
Fedhas
Gozag
Hepliaklqana
Kikubaaqudgha
Makhleb
Nemelex Xobeh
Okawaru
Qazlal
Ru
Sif Muna
Trog
Uskayaw
Vehumet
Wu Jian
Xom
Yredelemnul
Zin
The Shining One
Beogh
Jiyva
Lugonu


Innate Abilities, Weirdness & Mutations

You reflexively headbutt those who attack you in melee.
You have a pair of horns on your head.


Message History

The two-headed ogre is lightly wounded.
The two-headed ogre misses you. x2
You hit the two-headed ogre.
Lightning courses through the two-headed ogre!
The two-headed ogre is moderately wounded.
You slash the two-headed ogre!
Your headbutt misses the two-headed ogre.
The two-headed ogre is heavily wounded.
The two-headed ogre hits you with a giant spiked club!!
The two-headed ogre barely misses you.
You barely miss the two-headed ogre.
Your headbutt misses the two-headed ogre.
The two-headed ogre is heavily wounded.
The two-headed ogre hits you with a giant spiked club!!
* * * LOW HITPOINT WARNING * * *
The two-headed ogre completely misses you.
You hit the two-headed ogre. You headbutt the two-headed ogre.
The two-headed ogre is severely wounded.
The two-headed ogre hits you with a giant spiked club!
You die...

___#__# __p#._#
'###)## ......#
.)....# #####'#
__#...#+##############
__#.))#....#.#.#O....#
__#...##.#..#.##@#
__#...'##.#.#.##.#
__'...#.).#..#..##
▓▓▓▓▓▓▓▓▓▓▓▓▓▓▓▓▓


You could see a two-headed ogre.

Vanquished Creatures
  A deep elf mage (D)
  A shadow (D)
  A spatial vortex (D)
  A necrophage (D)
  3 two-headed ogres (D)
  A water elemental (D)
  A jelly (D)
  A wizard (D)
  Jessica (D)
  A necromancer (D)
  A kobold demonologist (D)
  3 humans (D)
  A wolf (D)
  2 oozes (D)
  A rat (D)
20 creatures vanquished.

Vanquished Creatures (others)
  2 draconian scorchers (D)
  6 hellions (D)
  A yaktaur (D)
  2 plants (D)
11 creatures vanquished.

Grand Total: 31 creatures vanquished

Notes
Turn   | Place    | Note
-------+----------+-------------------------------------------
     0 | D        | wojtek the Minotaur Berserker began the quest for the Orb.
     0 | D        | Reached XP level 1. HP: 19/19 MP: 0/0
     9 | D        | Reached skill level 4 in Axes
    14 | D        | Reached XP level 2. HP: 21/27 MP: 1/1
    66 | D        | Killed a hellion
    76 | D        | Noticed Jessica
    82 | D        | Killed Jessica
    82 | D        | Reached ** piety under Trog
    82 | D        | Reached skill level 6 in Axes
    82 | D        | Reached XP level 3. HP: 34/35 MP: 2/2
   101 | D        | Killed a hellion
   102 | D        | Killed a hellion
   103 | D        | Killed a hellion
   104 | D        | Killed a hellion
   108 | D        | Reached skill level 5 in Fighting
   113 | D        | Killed a hellion
   125 | D        | Reached *** piety under Trog
   125 | D        | Reached XP level 4. HP: 42/42 MP: 3/3
   181 | D        | Noticed a water elemental
   185 | D        | Killed a water elemental
   185 | D        | Reached skill level 8 in Axes
   185 | D        | Reached skill level 5 in Armour
   185 | D        | Reached skill level 5 in Dodging
   189 | D        | Killed a white draconian scorcher
   206 | D        | Killed a yaktaur
   217 | D        | Found a radiant altar of Vehumet.
   218 | D        | Found a deep blue altar of Sif Muna.
   218 | D        | Found an ancient bone altar of Kikubaaqudgha.
   218 | D        | Noticed a wizard
   219 | D        | Killed a wizard
   219 | D        | Reached XP level 5. HP: 51/51 MP: 4/4
   222 | D        | Reached **** piety under Trog
   222 | D        | Reached skill level 9 in Axes
   240 | D        | Killed a white draconian scorcher
   276 | D        | Found a glowing silver altar of Zin.
   277 | D        | Found a glowing golden altar of the Shining One.
   277 | D        | Found a white marble altar of Elyvilon.
   277 | D        | Noticed a deep elf mage
   293 | D        | Killed a deep elf mage
   293 | D        | Reached ***** piety under Trog
   293 | D        | Reached skill level 12 in Axes
   293 | D        | Reached XP level 6. HP: 12/63 MP: 5/5
   293 | D        | Reached XP level 7. HP: 13/70 MP: 6/6
   570 | D        | Found a hide-covered altar of Uskayaw.
   570 | D        | Found an iron altar of Okawaru.
   571 | D        | Found a roughly hewn altar of Beogh.
   571 | D        | Found a bloodstained altar of Trog.
   571 | D        | Found an ornate altar of the Wu Jian Council.
   571 | D        | Noticed a human
   571 | D        | Noticed a human
   579 | D        | Killed a human
   587 | D        | Killed a human
   587 | D        | Received a gift from Trog
   682 | D        | Found a shadowy altar of Dithmenos.
   690 | D        | Reached skill level 10 in Fighting
   690 | D        | Reached skill level 13 in Axes
   691 | D        | Found a basalt altar of Yredelemnul.
   691 | D        | Found a sacrificial altar of Ru.
   818 | D        | Noticed a shadow
   819 | D        | Killed a shadow
   819 | D        | Reached XP level 8. HP: 73/78 MP: 7/7
   828 | D        | Found a blossoming altar of Fedhas.
   828 | D        | Found a stormy altar of Qazlal.
   828 | D        | Found a snail-covered altar of Cheibriados.
   828 | D        | Found a burning altar of Makhleb.
   828 | D        | Found a shimmering altar of Xom.
   829 | D        | Found a hazy altar of Hepliaklqana.
   829 | D        | Found an opulent altar of Gozag.
   829 | D        | Found a sparkling altar of Nemelex Xobeh.
   829 | D        | Found a corrupted altar of Lugonu.
   829 | D        | Found a viscous altar of Jiyva.
   835 | D        | Reached skill level 10 in Armour
   868 | D        | Reached skill level 14 in Axes
   918 | D        | Noticed a two-headed ogre
   925 | D        | Slain by a two-headed ogre

Skill      XL: |  1  2  3  4  5  6  7  8 |
---------------+-------------------------+-----
Fighting       | 4 5 6 9 10 | 10.7
Axes           | 4 6 8 12 13 14 | 14.2
Armour         | 3 4 6 8 9 10 | 10.4
Dodging        | 3 4 5 7 9 |  9.6

Action                   |  1- 3 |  4- 6 |  7- 9 || total
-------------------------+-------+-------+-------++-------
Melee: Hand axe          |    15 |    12 |    13 ||    40
       Headbutt          |     4 |     4 |    10 ||    18
       Battleaxe         |       |       |    28 ||    28
Invok: Berserk           |     1 |     3 |     2 ||     6
       Burn Spellbooks   |       |     1 |       ||     1
 Stab: Sleeping          |     1 |       |       ||     1
  Eat: Chunk             |       |     1 |     2 ||     3
       Ration            |       |       |     1 ||     1
Armor: Animal skin       |       |     1 |     1 ||     2
Dodge: Dodged            |     9 |     5 |    25 ||    39
